 Dungeon Crawl Stone Soup version 0.30-a0-123-g91d0c66ccf (webtiles) character file.

Game seed: 3403238365326848412

199 MrElixer the Chopper (level 6, 0/47 HPs)
             Began as a Human Fighter on Sept 18, 2022.
             Was an Initiate of Dithmenos.
             Slain by an iguana (5 damage)
             ... on level 4 of the Dungeon.
             The game lasted 00:19:15 (3125 turns).

MrElixer the Chopper (Human Fighter)                Turns: 3125, Time: 00:19:16

Health: 0/47       AC: 13    Str: 16    XL:     6   Next: 6%
Magic:  6/6        EV:  6    Int:  8    God:    Dithmenos [......]
Gold:   140        SH:  5    Dex: 15    Spells: 5/5 levels left

rFire   . . .      SeeInvis .    a - +1 war axe
rCold   . . .      Faith    .    c - +0 buckler
rNeg    . . .      Spirit   .    o - +0 chain mail
rPois   .          Reflect  .    (no helmet)
rElec   .          Harm     .    (no cloak)
rCorr   .          Rampage  .    (no gloves)
Will    .....                    (no boots)
Stlth   ..........               (no amulet)
HPRegen 0.15/turn                n - +4 ring of protection
MPRegen 0.10/turn                (no ring)

@: flying
A: no striking features
a: Renounce Religion


You were on level 4 of the Dungeon.
You worshipped Dithmenos.
Dithmenos was noncommittal.
You visited 1 branch of the dungeon, and saw 4 of its levels.

You collected 140 gold pieces.

Inventory:

Hand Weapons
 a - a +1 war axe (weapon)
 i - a +0 spear
Missiles
 p - 4 poisoned darts (quivered)
 s - 5 javelins
 t - a throwing net
Armour
 b - a +0 scale mail
 c - a +0 buckler (worn)
 o - a +0 chain mail (worn)
Magical Staves
 r - a staff of fire
Jewellery
 n - a +4 ring of protection (left hand)
 w - an amulet of magic regeneration
Scrolls
 e - a scroll of noise
 f - a scroll of enchant weapon
 g - a scroll of magic mapping {unknown}
 h - 2 scrolls of amnesia {unknown}
 u - a scroll of silence {unknown}
 v - 2 scrolls of butterflies {unknown}
 x - a scroll of poison {unknown}
 y - a scroll of identify {unknown}
Potions
 d - a potion of might
 j - 2 potions of flight
 k - 3 potions of degeneration {unknown}
 l - 2 potions of invisibility {unknown}
 m - 2 potions of attraction {unknown}
 q - 2 potions of berserk rage {unknown}
 A - 2 potions of curing {unknown}
 B - a potion of magic {unknown}


   Skills:
 + Level 3.5 Fighting
 + Level 4.0 Axes
 + Level 3.9 Armour
 + Level 0.6 Dodging
 + Level 0.1 Stealth
 + Level 3.7 Shields


You had 5 spell levels left.
You didn't know any spells.
Your spell library contained the following spells:

 Spells                   Type           Power      Damage    Failure   Level
 Dazzling Flash           Conj/Hex       0%         N/A       100%        3
 Agony                    Necr           0%         N/A       100%        5
 Silence                  Hex/Air        0%         N/A       100%        5


Dungeon Overview and Level Annotations

Branches:
Dungeon (4/15)
 Temple: D:4-7

Altars:
Dithmenos
Ru
Zin


Message History

Something hits you but does no damage. The iguana bites you.
* * * LOW HITPOINT WARNING * * *
The iguana bites you but does no damage.
The iguana attacks as you move away!
The iguana bites you but does no damage.
An orc wizard appears from thin air!
Reactivating autopickup.
A gnoll bouda comes into view. It is wielding a +0 whip.
The orc wizard mumbles some strange words.
The orc wizard flickers and vanishes!
Deactivating autopickup; reactivate with Ctrl-A.
You hit the goblin.
You kill the goblin!
Dithmenos accepts your kill.
You hit the iguana but do no damage.
The gnoll bouda barks out a call to the hunt!
The iguana bites you.
* * * LOW HITPOINT WARNING * * *
Something hits you but does no damage. The iguana bites you.
* * * LOW HITPOINT WARNING * * *
The gnoll bouda gazes fiercely through you!
You feel your attacks grow feeble.
You hear a shout!
A gnoll comes into view. It is wielding a +0 club.
You hear a shout!
A gnoll comes into view. It is wielding a +0 flail.
The iguana attacks as you move away! The iguana bites you.
* * * LOW HITPOINT WARNING * * *
A gnoll comes into view. It is wielding a +0 halberd.
The gnoll throws a stone.
The stone hits you but does no damage.
A gnoll comes into view. It is wielding a +0 whip.
It was a potion of cancellation.
Your magical effects are unravelling.
You feel magically purged.
Your attacks no longer feel as feeble.
You block the iguana's attack.
It was a potion of flight.
You feel very buoyant.
You fly up into the air.
The iguana bites you.
You die...

### #...... ..#
#...... #)#
#..(gg# #(#######
#.$...# #.......#
#...g.# #.......#
#...gg# #{......#
#.>.{.# ..#######
#..)l@#
############...###
...........'...#
############...#
#####


You could see a gnoll bouda, an iguana and 4 gnolls.

Vanquished Creatures
  A hound (D:4)
  An orc priest (D:4)
  Terence (D:2)
  6 adders
  3 orcs
  5 ball pythons
  3 bats
  3 endoplasms (D:2)
  4 giant cockroaches
  5 hobgoblins
  A jackal (D:3)
  2 quokkas (D:1)
  6 frilled lizards
  6 goblins
  3 kobolds
  8 rats
58 creatures vanquished.

Vanquished Creatures (others)
  A plant (D:4)
1 creature vanquished.

Grand Total: 59 creatures vanquished

Notes
Turn   | Place    | Note
-------+----------+-------------------------------------------
     0 | D:1      | MrElixer the Human Fighter began the quest for the Orb.
     0 | D:1      | Reached XP level 1. HP: 18/18 MP: 1/1
   398 | D:1      | Reached XP level 2. HP: 24/24 MP: 2/2
   585 | D:1      | Found a faded altar of an unknown god.
   675 | D:1      | Reached XP level 3. HP: 26/29 MP: 3/3
  1496 | D:2      | Noticed Terence
  1507 | D:2      | Killed Terence
  1508 | D:2      | Reached XP level 4. HP: 30/35 MP: 4/4
  1774 | D:2      | Reached skill level 3 in Axes
  1788 | D:2      | Found a sacrificial altar of Ru.
  1937 | D:2      | Reached XP level 5. HP: 35/41 MP: 5/5
  2659 | D:3      | Found a shadowy altar of Dithmenos.
  2667 | D:3      | Became a worshipper of Dithmenos the Shadowed
  2760 | D:3      | Found a glowing silver altar of Zin.
  3090 | D:4      | Reached skill level 4 in Axes
  3090 | D:4      | Reached XP level 6. HP: 23/47 MP: 6/6
  3125 | D:4      | Slain by an iguana

Illustrated notes

Levels and vault maps discovered:
D:1:      dpeg_arrival_rooms_a, layout_rooms,
          hellmonk_ecumenical_altar_arch_garden
D:2:      layout_basic, basic_altar, uniq_terence
D:3:      layout_basic, zin_scriptorium, mainiacjoe_overflow_surrounded_room,
          st_stairs_11
D:4:      layout_basic, guppyfry_early_lair_pool

Skill      XL: |  1  2  3  4  5 |
---------------+----------------+-----
Axes           | 3 4 |  4.0
Fighting       | |  3.5
Armour         | |  3.9
Dodging        | |  0.6
Stealth        | |  0.1
Shields        | |  3.7

Action                   |  1- 3 |  4- 6 || total
-------------------------+-------+-------++-------
Melee: War axe           |    71 |    84 ||   155
Throw: Dart              |       |     1 ||     1
  Use: Scroll            |       |     2 ||     2
       Potion            |       |     2 ||     2
Armor: Scale mail        |    21 |       ||    21
       Chain mail        |    10 |    72 ||    82
Dodge: Dodged            |    34 |    18 ||    52
Block: Buckler           |    24 |    20 ||    44

Table legend: (Time is in decaauts)
 A = Elapsed time spent in this place.
 B = Non-inter-level travel time spent in this place.
 C = Inter-level travel time spent in this place.
 D = Time resting spent in this place.
 E = Time spent auto-exploring this place.
 F = Levels seen in this place.
 G = Mean time per level.
                   A        B        C        D        E       F      G
               +--------+--------+--------+--------+--------+-----+--------+
         Total |   3186 |   3186 |      0 |    767 |    940 |   4 |  796.5 |
       Dungeon |   3186 |   3186 |      0 |    767 |    940 |   4 |  796.5 |
               +--------+--------+--------+--------+--------+-----+--------+

Top non-repeatable levels by time:
     D:1: 1426 daAuts
     D:2: 932 daAuts
     D:3: 772 daAuts
     D:4: 55 daAuts
